 Dungeon Crawl Stone Soup version 0.29.1-12-g30fa7ad0bf (webtiles) character file.

Game seed: 5763743153836953067

88286 GeoRichter the Spear-Bearer (level 15, -13/124 HPs)
             Began as a Demonspawn Hunter on Dec 24, 2022.
             Was the Champion of Makhleb.
             Mangled by a broodmother (29 damage)
             ... on level 1 of the Spider Nest.
             The game lasted 00:46:17 (22285 turns).

GeoRichter the Spear-Bearer (Demonspawn Hunter)    Turns: 22285, Time: 00:46:18

Health: -13/124    AC: 19    Str: 18    XL:     15   Next: 46%
Magic:  32/32      EV: 17    Int: 12    God:    Makhleb [******]
Gold:   943        SH:  6    Dex: 19    Spells: 14/14 levels left

rFire   . . .      SeeInvis +   a - +2 demon trident (freeze)
rCold   . . .      Faith    .   l - +0 buckler
rNeg    + . .      Spirit   .   M - +3 troll leather armour {Snorg}
rPois   +          Reflect  .   H - +2 helmet
rElec   +          Harm     .   w - +2 cloak {Will+}
rCorr   +          Rampage  .   (gloves unavailable)
Will    ++...                   U - +0 pair of boots {Fly}
Stlth   ++........              S - amulet "Ciloupeph" {Acrobat Drain rElec Str+3 Slay+6}
HPRegen 1.10/turn               o - ring of see invisible
MPRegen 0.23/turn               T - ring "Abeakes" {+Blink rPois rN+ rCorr MP+9}

@: flying
A: claws 3, foul stench 1, spiny 1, sharp scales 3, bedeviling
a: Renounce Religion, Evoke Blink, Minor Destruction, Lesser Servant of Makhleb,
Major Destruction, Greater Servant of Makhleb


You were on level 1 of the Spider Nest.
You worshipped Makhleb.
Makhleb was exalted by your worship.
You visited 4 branches of the dungeon, and saw 21 of its levels.

You collected 3020 gold pieces.
You spent 2077 gold pieces at shops.

Inventory:

Hand Weapons
 a - a +2 demon trident of freezing (weapon)
   (You found it on level 2 of the Dungeon)
 b - the +8 trident of Incongruity {vorpal, rPois}
   (You bought it in a shop on level 2 of the Orcish Mines)

   It inflicts extra damage upon your enemies.
   rPois:     It protects you from poison.
Missiles
 E - 2 throwing nets {!f}
Armour
 l - a +0 buckler (worn)
   (You found it on level 2 of the Dungeon)
 w - a +2 cloak of willpower (worn)
   (You bought it in a shop on level 1 of the Dungeon)
 F - a +1 pair of boots
   (You found it on level 4 of the Lair of Beasts)
 H - a +2 helmet (worn)
   (You found it on level 1 of the Lair of Beasts)
 M - a +3 troll leather armour (worn) {Snorg}
   (You found it on level 10 of the Dungeon)
 U - a +0 pair of boots of flying (worn)
   (You found it on level 7 of the Dungeon)
Jewellery
 e - an amulet of reflection
   (You found it on level 1 of the Dungeon)
 g - an amulet of regeneration
   (You found it on level 2 of the Lair of Beasts)
 o - a ring of see invisible (left claw)
   (You found it on level 5 of the Dungeon)
 r - a ring of protection from cold
   (You found it on level 2 of the Dungeon)
 z - a ring of resist corrosion
   (You found it on level 5 of the Lair of Beasts)
 C - a +4 ring of slaying
   (You found it on level 5 of the Lair of Beasts)
 J - a ring of poison resistance
   (You found it on level 4 of the Lair of Beasts)
 N - a ring of ice
   (You found it on level 10 of the Dungeon)
 S - the amulet "Ciloupeph" (around neck) {Acrobat Drain rElec Str+3 Slay+6}
   (You bought it in a shop on level 2 of the Orcish Mines)

   [amulet of the acrobat]

   It increases your evasion while moving and waiting.
   Str:       It affects your strength (+3).
   Slay:      It affects your accuracy & damage with ranged weapons and melee
   (+6).
   rElec:     It insulates you from electricity.
   Drain:     It drains your maximum health when unequipped.
 T - the ring "Abeakes" (right claw) {+Blink rPois rN+ rCorr MP+9}
   (You bought it in a shop on level 2 of the Orcish Mines)

   [ring of resist corrosion]

   rPois:     It protects you from poison.
   rN:        It protects you from negative energy.
   MP:        It affects your magic capacity (+9).
   +Blink:    It lets you blink.
   rCorr:     It protects you from acid and corrosion.
Wands
 d - a wand of quicksilver (18)
   (You found it on level 4 of the Dungeon)
 x - a wand of charming (13)
   (You found it on level 4 of the Dungeon)
 I - a wand of iceblast (6)
   (You found it on level 12 of the Dungeon)
 K - a wand of mindburst (2)
   (You found it on level 4 of the Lair of Beasts)
 O - a wand of digging (3)
   (You found it on level 11 of the Dungeon)
Scrolls
 f - 4 scrolls of poison {!r}
 i - 4 scrolls of magic mapping
 j - 4 scrolls of vulnerability {!r}
 m - 10 scrolls of teleportation {@r4}
 u - a scroll of enchant weapon
 y - a scroll of acquirement {unknown}
 A - a scroll of amnesia
 B - a scroll of identify {@r1}
 G - a scroll of enchant armour
 R - a scroll of torment {!r}
Potions
 c - 2 potions of brilliance
 h - a potion of invisibility
 k - 4 potions of might
 n - 3 potions of haste {@q3}
 p - 2 potions of magic
 q - 4 potions of lignification {!q}
 s - a potion of berserk rage
 t - 3 potions of ambrosia {unknown}
 v - 7 potions of curing {@q1}
 P - a potion of attraction {!q}
 Q - 2 potions of mutation {!q}
 V - a potion of resistance {unknown}
Miscellaneous
 D - a tin of tremorstones (1/2)
   (You found it on level 9 of the Dungeon)
 L - a box of beasts (inert)
   (You found it on level 4 of the Lair of Beasts)
 W - a phantom mirror (inert)
   (You found it on level 12 of the Dungeon)


   Skills:
 * Level 13.4 Fighting
 - Level 14.0 Polearms
 - Level 4.4 Ranged Weapons
 + Level 9.4 Armour
 + Level 9.6 Dodging
 - Level 1.8 Stealth
 + Level 7.7 Shields
 + Level 11.2 Invocations
 - Level 6.0 Evocations


You had 14 spell levels left.
You didn't know any spells.
Your spell library contained the following spells:

 Spells                   Type           Power      Damage    Failure   Level
 Apportation              Tloc           0%         N/A       43%         1
 Magic Dart               Conj           0%         1d3       43%         1
 Sandblast                Erth           0%         2d4       43%         1
 Shock                    Conj/Air       0%         1d3       43%         1
 Ensorcelled Hibernation  Hex/Ice        0%         N/A       58%         2
 Passwall                 Tmut/Erth      0%         N/A       58%         2
 Searing Ray              Conj           0%         2d4       58%         2
 Sublimation of Blood     Necr           0%         N/A       58%         2
 Wereblood                Tmut           0%         N/A       58%         2
 Gell's Gravitas          Tloc           0%         N/A       82%         3
 Ozocubu's Armour         Ice            0%         N/A       82%         3
 Spider Form              Tmut/Pois      0%         N/A       82%         3
 Stone Arrow              Conj/Erth      0%         3d7       82%         3
 Swiftness                Air            0%         N/A       82%         3
 Teleport Other           Tloc           0%         N/A       82%         3
 Airstrike                Air            0%         2d(0-16)  99%         4
 Anguish                  Hex/Necr       0%         N/A       99%         4
 Fulminant Prism          Conj/Hex       0%         3d6       99%         4
 Summon Lightning Spire   Summ/Air       0%         N/A       99%         4
 Alistair's Intoxication  Tmut/Pois      0%         N/A       100%        5
 Lightning Bolt           Conj/Air       0%         1d11      100%        5
 Metabolic Englaciation   Hex/Ice        0%         N/A       100%        5
 Dispersal                Tloc           0%         N/A       100%        6
 Simulacrum               Ice/Necr       0%         N/A       100%        6
 Ozocubu's Refrigeration  Ice            0%         4d7       100%        7
 Summon Hydra             Summ           0%         N/A       100%        7


Dungeon Overview and Level Annotations

Branches:
Dungeon (13/15) Zot: 26480  Temple (0/1) D:4            Lair (5/5) D:8 Zot: 23039
 Shoals (0/4) Lair:3       Spider (1/4) Lair:3 Zot: 5773   Slime (0/5) Lair:5
    Orc (2/2) D:10 Zot: 10801     Elf (0/3) Orc:2        Vaults (0/5) D:13

Altars:
Ashenzari
Fedhas
Gozag
Hepliaklqana
Kikubaaqudgha
Makhleb
Nemelex Xobeh
Qazlal
Uskayaw
Vehumet
Wu Jian
Jiyva

Shops:
D:1 [   Orc:2 [(=*(

Annotations:
D:13 Frances
Orc:2 3 runed translucent doors, kwasso's ghost, journeyman VSFi


Innate Abilities, Weirdness & Mutations

You have claws for hands.
You may rarely emit foul miasma when damaged in melee.
You are partially covered in sharp spines.
You are completely covered in razor-sharp scales. (AC +3, Slay +3)
Your hexes are more powerful.


Message History

The emperor scorpion claws you but does no damage.
The broodmother is struck by your spines.
The broodmother bites you!!
* * * LOW HITPOINT WARNING * * *
The redback misses you. x2
You hit the emperor scorpion but do no damage.
The tarantella is struck by your spines.
The tarantella barely misses you.
The broodmother bites you but does no damage.
The redback bites you but does no damage.
The redback closely misses you.
You impale the emperor scorpion!! You freeze the emperor scorpion!
You kill the emperor scorpion!
Makhleb accepts your kill.
You feel better. You block the tarantella's attack.
The redback barely misses you.
You puncture the broodmother! You freeze the broodmother.
The redback bites you.
* * * LOW HITPOINT WARNING * * *
The broodmother summons spiders!
The tarantella is struck by your spines.
The tarantella closely misses you. The redback bites you.
* * * LOW HITPOINT WARNING * * *
You are poisoned.
The redback poisons you!
You puncture the broodmother! You freeze the broodmother.
You feel very sick. The redback is struck by your spines.
The redback bites you.
* * * LOW HITPOINT WARNING * * *
The broodmother is struck by your spines.
The broodmother closely misses you.
The tarantella is struck by your spines.
The tarantella misses you.
You puncture the broodmother! You freeze the broodmother.
You feel very sick.
The redback bites you but does no damage.
The redback bites you.
* * * LOW HITPOINT WARNING * * *
The tarantella completely misses you.
The broodmother is struck by your spines.
The broodmother bites you!!
* * * LOW HITPOINT WARNING * * *
You feel better.
The jumping spider leaps!
The redback bites you but does no damage.
The redback is struck by your spines. The redback barely misses you.
The tarantella is struck by your spines.
The tarantella closely misses you.
The broodmother is struck by your spines.
The broodmother bites you!!
You die...

....... ..#!###.....
....... . ##.....^...##
#^..... ..#....#..?...##
....... ..s...#......#.#
....... ..............#
.#..#.. .?#........^.#
..).. ....^°.s.##$### ...##
.....#.sss....##
.#....#.....#$##@°..#..##
.#.............).s......#
^....#.#........##......#
.......#.#.#...s.....####
....#.........##.^#.....#
..##.......#.....#.$#...#
†#.......#........#.....#
†....#.#..#..........#...#
.........#..............).#


You could see a broodmother, 2 jumping spiders, a tarantella (summoned) and 3
redbacks.

Vanquished Creatures
  Rupert (D:12)
  2 orc warlords (Orc:2)
  An emperor scorpion (Spider:1)
  Snorg (D:10)
  Josephine (Lair:3)
  A fire dragon (Lair:5)
  A boulder beetle (Lair:3)
  A great orb of eyes (shapeshifter) (D:7)
  4 hydras
  A catoblepas (Lair:5)
  Erolcha (D:13)
  3 vault guards (D:13)
  A centaur warrior (D:13)
  3 two-headed ogres
  5 death yaks
  2 orc high priests (Orc:2)
  2 tengu warriors (D:10)
  Nergalle (Lair:1)
  A fire crab (shapeshifter) (D:13)
  Lodul (D:11)
  5 orc knights
  A lindwurm (Lair:5)
  An oklob plant (Lair:1)
  An ugly thing (D:13)
  3 wolf spiders
  3 orc sorcerers
  5 elephants
  A manticore (D:11)
  3 cyclopes
  A guardian serpent (Lair:5)
  7 black mambas
  7 torpor snails
  2 gargoyles
  15 cane toads
  2 unseen horrors (D:11)
  3 kobold demonologists (D:11)
  2 rime drakes (Lair:2)
  6 komodo dragons
  A demonic crawler (Spider:1)
  A tengu conjurer (D:13)
  3 merfolk (Lair:3)
  3 polar bears
  11 trolls
  A tarantella (Spider:1)
  4 tyrant leeches (Lair:5)
  10 slime creatures
  Grinder (D:4)
  11 blink frogs
  16 hornets
  7 culicivoras
  Sigmund (D:2)
  5 jumping spiders (Spider:1)
  A vampire (D:11)
  A shadow (D:10)
  41 yaks
  8 wraiths
  10 wyverns
  7 humans (D:13)
  2 basilisks
  6 redbacks
  13 vampire mosquitoes
  Menkaure (D:7)
  3 wargs (Orc:2)
  3 acid dragons
  2 swamp worms (Lair:1)
  24 water moccasins
  An ice beast (D:7)
  27 orc warriors
  A sky beast (D:6)
  4 black bears
  16 ogres
  13 wolves
  2 phantoms
  5 centaurs
  6 kobold brigands
  13 bullfrogs
  3 gnoll sergeants
  2 scorpions
  18 killer bees
  A howler monkey (D:6)
  7 hounds
  A jelly (D:6)
  2 gnoll boudas (D:7)
  16 orc priests
  5 iguanas
  Jessica (D:2)
  16 orc wizards
  2 hell rats (Lair:4)
  Robin (D:2)
  21 gnolls
  12 adders
  A white imp (D:6)
  3 dart slugs
  55 orcs
  8 endoplasms
  3 giant cockroaches
  15 goblins
  12 hobgoblins
  20 kobolds
  4 quokkas
  9 ball pythons
  9 bats
  5 frilled lizards
  13 rats
  A butterfly (Lair:3)
653 creatures vanquished.

Vanquished Creatures (collateral kills)
  A hydra (Lair:4)
  A death yak (Lair:2)
  A fire crab (Lair:4)
  A lindwurm (Lair:4)
  A demonic crawler (Lair:1)
  A merfolk (Lair:3)
  A culicivora (Lair:3)
  A redback (Lair:5)
  A swamp worm (Lair:1)
  A water moccasin (Lair:4)
  An orc warrior (Orc:2)
  An ogre (Orc:2)
  A bullfrog (Lair:4)
  An orc priest (Orc:2)
  3 orcs (Orc:2)
17 creatures vanquished.

Vanquished Creatures (others)
  A black mamba (Lair:4)
  2 humans (D:13)
  16 fungi
  46 plants
65 creatures vanquished.

Grand Total: 735 creatures vanquished

Notes
Turn   | Place    | Note
-------+----------+-------------------------------------------
     0 | D:1      | GeoRichter the Demonspawn Hunter began the quest for the
                  | Orb.
     0 | D:1      | Reached XP level 1. HP: 16/16 MP: 1/1
    18 | D:1      | Reached skill level 1 in Stealth
    18 | D:1      | Gained mutation: You may rarely emit foul miasma when
                  | damaged in melee. [demonic ancestry]
    18 | D:1      | Reached XP level 2. HP: 22/22 MP: 2/2
    36 | D:1      | Found Naorphadd's Antique Armour Emporium.
    52 | D:1      | Found a faded altar of an unknown god.
   297 | D:1      | Gained mutation: You have sharp fingernails. [demonic
                  | ancestry]
   297 | D:1      | Reached XP level 3. HP: 27/27 MP: 3/3
  1068 | D:2      | Reached skill level 1 in Polearms
  1071 | D:2      | Noticed Robin
  1242 | D:2      | Noticed Sigmund
  1245 | D:2      | Killed Sigmund
  1246 | D:2      | Reached skill level 4 in Polearms
  1246 | D:2      | Reached XP level 4. HP: 33/33 MP: 4/4
  1246 | D:2      | Reached XP level 5. HP: 38/38 MP: 5/5
  1463 | D:2      | Noticed Jessica
  1467 | D:2      | Killed Jessica
  1468 | D:2      | Gained mutation: You are partially covered in razor-sharp
                  | scales. (AC +1, Slay +1) [demonic ancestry]
  1468 | D:2      | Reached XP level 6. HP: 44/44 MP: 6/6
  1551 | D:2      | Killed Robin
  2166 | D:3      | Reached skill level 5 in Polearms
  2184 | D:3      | Found a burning altar of Makhleb.
  2211 | D:3      | Became a worshipper of Makhleb the Destroyer
  2365 | D:1      | Bought a glowing cloak for 127 gold pieces
  2828 | D:4      | Found a stormy altar of Qazlal.
  3488 | D:4      | Found a staircase to the Ecumenical Temple.
  3518 | D:4      | Found an opulent altar of Gozag.
  3574 | D:4      | Noticed Grinder
  3597 | D:4      | Killed Grinder
  3598 | D:4      | Reached skill level 6 in Polearms
  3598 | D:4      | Reached XP level 7. HP: 42/50 MP: 7/7
  3811 | D:4      | Reached * piety under Makhleb
  3824 | D:4      | Reached skill level 7 in Polearms
  4540 | D:5      | Entered Level 5 of the Dungeon
  4548 | D:5      | Gained mutation: You have very sharp fingernails. [demonic
                  | ancestry]
  4548 | D:5      | Reached XP level 8. HP: 49/56 MP: 8/8
  4633 | D:5      | Reached skill level 8 in Polearms
  4696 | D:5      | Found a blossoming altar of Fedhas.
  5091 | D:5      | Reached skill level 1 in Armour
  5930 | D:6      | You fall into a shaft and drop 3 floors!
  6056 | D:8      | Reached skill level 1 in Invocations
  6059 | D:8      | Reached skill level 9 in Polearms
  6086 | D:8      | Found a staircase to the Lair.
  6087 | D:8      | Noticed an elephant
  6104 | D:8      | Gained mutation: You are mostly covered in razor-sharp
                  | scales. (AC +2, Slay +2) [demonic ancestry]
  6104 | D:8      | Reached XP level 9. HP: 50/65 MP: 10/10
  6117 | D:8      | Killed an elephant
  6123 | D:8      | Reached ** piety under Makhleb
  6567 | D:7      | Reached skill level 10 in Polearms
  6669 | D:7      | Reached skill level 5 in Fighting
  6692 | D:7      | Found a transporter.
  6702 | D:7      | Noticed Menkaure
  6717 | D:7      | Killed Menkaure
  6718 | D:7      | Reached skill level 5 in Invocations
  7228 | D:7      | Found a sparkling altar of Nemelex Xobeh.
  7229 | D:7      | Found a broken altar of Ashenzari.
  7231 | D:7      | Found an ancient bone altar of Kikubaaqudgha.
  7232 | D:7      | Found an ornate altar of the Wu Jian Council.
  7278 | D:7      | Noticed a mana viper
  7278 | D:7      | a jumping spider changed into a mana viper
  7280 | D:7      | Found a transporter.
  7330 | D:7      | Reached *** piety under Makhleb
  7400 | D:7      | Gained mutation: You are completely covered in razor-sharp
                  | scales. (AC +3, Slay +3) [demonic ancestry]
  7400 | D:7      | Reached XP level 10. HP: 62/74 MP: 14/14
  7612 | D:7      | Noticed a lindwurm
  7718 | D:7      | Noticed a deep troll
  7719 | D:7      | a deep troll changed into a snapping turtle
  8663 | D:9      | Reached skill level 1 in Evocations
  8791 | D:9      | Identified the +5 ring mail "Egoczu" {Rampage rElec rPois
                  | rF- rN+}
  8808 | D:9      | Reached skill level 1 in Shields
  8933 | D:9      | Noticed a two-headed ogre
  8942 | D:9      | Killed a two-headed ogre
  9057 | D:9      | Reached skill level 11 in Polearms
  9112 | D:9      | Found a radiant altar of Vehumet.
  9286 | D:9      | Reached **** piety under Makhleb
  9466 | D:9      | Found a hazy altar of Hepliaklqana.
 10198 | Lair:1   | Entered Level 1 of the Lair of Beasts
 10279 | Lair:1   | Reached XP level 11. HP: 49/83 MP: 15/15
 10609 | Lair:1   | Noticed Nergalle
 10670 | Lair:1   | Noticed an oklob plant
 10702 | Lair:1   | Killed Nergalle
 11231 | Lair:1   | Killed an oklob plant
 11684 | Lair:1   | HP: 1/84 [swamp worm/harpoon shot (18)]
 11686 | Lair:1   | Reached skill level 5 in Dodging
 12211 | Lair:2   | Reached skill level 12 in Polearms
 12818 | Lair:2   | Identified the +11 short sword of Pain and Death {holy,
                  | Int+3}
 12850 | Lair:2   | Noticed a death yak
 12853 | Lair:2   | Noticed a death yak
 12861 | Lair:2   | Killed a death yak
 12862 | Lair:2   | Reached skill level 5 in Armour
 12871 | Lair:2   | Killed a death yak
 12872 | Lair:2   | Reached XP level 12. HP: 30/92 MP: 16/16
 12882 | Lair:2   | Reached skill level 5 in Evocations
 13466 | Lair:3   | Found a hide-covered altar of Uskayaw.
 13467 | Lair:3   | Noticed a boulder beetle
 13468 | Lair:3   | Found an ornate altar of the Wu Jian Council.
 13492 | Lair:3   | Killed a boulder beetle
 13696 | Lair:3   | You fall into a shaft and drop 2 floors!
 13696 | Lair:5   | Entered Level 5 of the Lair of Beasts
 13728 | Lair:5   | Noticed an eight-headed hydra
 13738 | Lair:5   | Killed an eight-headed hydra
 13857 | Lair:5   | Reached skill level 5 in Shields
 14030 | Lair:3   | Reached skill level 13 in Polearms
 14125 | Lair:3   | Found a staircase to the Shoals.
 14372 | Lair:3   | Found a hole to the Spider Nest.
 14430 | Lair:3   | Noticed Josephine
 14443 | Lair:3   | Killed Josephine
 14836 | Lair:4   | Gained mutation: You are partially covered in sharp spines.
                  | [demonic ancestry]
 14836 | Lair:4   | Reached XP level 13. HP: 96/97 MP: 17/17
 15727 | Lair:5   | Reached skill level 14 in Polearms
 15905 | Lair:5   | Reached skill level 10 in Fighting
 16011 | Lair:5   | Reached ***** piety under Makhleb
 16189 | Lair:5   | Found a viscous altar of Jiyva.
 16190 | Lair:5   | Found a staircase to the Slime Pits.
 16549 | Lair:5   | Found a runed translucent door.
 16549 | Lair:5   | Noticed a fire dragon
 16595 | Lair:5   | Paralysed by a hornet for 2 turns
 16637 | Lair:5   | Gained mutation: Your hexes are more powerful. [demonic
                  | ancestry]
 16637 | Lair:5   | Reached XP level 14. HP: 111/111 MP: 20/20
 16716 | Lair:5   | Paralysed by a hornet for 2 turns
 16741 | Lair:5   | Paralysed by a hornet for 3 turns
 17281 | D:10     | Entered Level 10 of the Dungeon
 17287 | D:10     | Noticed Snorg
 17302 | D:10     | Killed Snorg
 17606 | D:10     | Found a staircase to the Orcish Mines.
 18572 | D:11     | Noticed Lodul
 18589 | D:11     | Killed Lodul
 18926 | Orc:1    | Entered Level 1 of the Orcish Mines
 19257 | Orc:2    | Entered Level 2 of the Orcish Mines
 19288 | Orc:2    | Found Ofib's Antique Weapon Shoppe.
 19328 | Orc:2    | Found a runed translucent gate.
 19359 | Orc:2    | Found a runed translucent gate.
 19359 | Orc:2    | Found a runed translucent gate.
 19359 | Orc:2    | Noticed kwasso's ghost (journeyman VSFi)
 19426 | Orc:2    | Noticed an orc warlord
 19462 | Orc:2    | Killed an orc warlord
 19488 | Orc:2    | Noticed an orc warlord
 19493 | Orc:2    | Reached ****** piety under Makhleb
 19502 | Orc:2    | Killed an orc warlord
 19505 | Orc:2    | Reached skill level 10 in Invocations
 19518 | Orc:2    | Found a staircase to the Elven Halls.
 19618 | Orc:2    | Found Ocompay's General Store.
 19630 | Orc:2    | Bought a potion of mutation for 104 gold pieces
 19630 | Orc:2    | Bought a potion of might for 52 gold pieces
 19630 | Orc:2    | Bought a scroll of torment for 123 gold pieces
 19684 | Orc:2    | Found Sefy's Antique Weapon Shop.
 19693 | Orc:2    | Found Irhoc's Jewellery Boutique.
 19723 | Orc:2    | Bought the amulet "Ciloupeph" {Acrobat Drain rElec Str+3
                  | Slay+6} for 768 gold pieces
 19759 | Orc:2    | Bought an ancient trident for 229 gold pieces
 19759 | Orc:2    | Identified the +8 trident of Incongruity {vorpal, rPois}
                  | (You bought it in a shop on level 2 of the Orcish Mines)
 19768 | Orc:2    | Found Ceakywis's Antique Armour Emporium.
 19972 | Orc:2    | Bought the ring "Abeakes" {+Blink rPois rN+ rCorr MP+9} for
                  | 674 gold pieces
 20438 | D:7      | Identified the +6 spear of Premature Burial {vorpal,
                  | Will++}
 20779 | D:12     | Noticed Rupert
 20781 | D:12     | Paralysed by Rupert for 3 turns
 20797 | D:12     | Killed Rupert
 20798 | D:12     | Gained mutation: You have claws for hands. [demonic
                  | ancestry]
 20798 | D:12     | Reached XP level 15. HP: 38/122 MP: 22/22
 21419 | D:13     | Noticed Frances
 21486 | D:13     | Noticed Erolcha
 21489 | D:13     | Killed Erolcha
 21756 | D:13     | Found a gate to the Vaults.
 22037 | Spider:1 | Entered Level 1 of the Spider Nest
 22258 | Spider:1 | Noticed an emperor scorpion
 22281 | Spider:1 | Killed an emperor scorpion
 22285 | Spider:1 | Mangled by a broodmother

Illustrated notes

Levels and vault maps discovered:
D:1:      dpeg_arrival_short_road, layout_basic, ebering_ecumenical_altar_webs,
          serial_shops, shop
D:2:      layout_rooms, amcnicky_mini_rare_corridor_liquid, minmay_octomino_c4,
          uniq_robin, uniq_sigmund, uniq_jessica
D:3:      layout_loops_ring, amcnicky_altar_gilded
D:4:      layout_loops_corners, grunt_gozag_breadcrumbs, grunt_qazlal_sundering,
          minmay_temple_entry_butterflies, minmay_misc_feat_iff, uniq_grinder
D:5:      layout_layer_cave, general_overflow_altar
D:6:      layout_basic
D:7:      gammafunk_the_bubble [the_bubble_gammafunk_grid], layout_loops_ring,
          minitemple, uniq_menkaure
D:8:      layout_gridville, david_lair_generic
D:9:      layout_layer_cave, mainiacjoe_overflow_surrounded_room,
          kennysheep_mini
D:10:     layout_basic, orc_0_dummy, uniq_snorg
D:11:     layout_rooms, grunt_ministairs_13, hangedman_decor_diamond_cutter,
          uniq_lodul
D:12:     layout_long_grid, uniq_rupert
D:13:     layout_cave_pools, ximxim_vaults_locker_room,
          hellmonk_bongcloud_opening, minivault_16, uniq_frances, uniq_erolcha
Lair:1:   layout_regular_city, worms_lemuel, serial_bayou_shore_a,
          grunt_megastairs_1, lemuel_fruit_fields, lemuel_fruit_fields,
          lemuel_fruit_tree, lemuel_fruit_fields, uniq_nergalle
Lair:2:   layout_chaotic_city
Lair:3:   layout_loops_ring, elwin_shoals_entry_stream,
          hellmonk_spider_entry_life_and_decay, nzn_masters_of_martial_movement,
          lemuel_fruit_fields, uniq_josephine
Lair:4:   layout_hall_layers, grunt_megastairs_4, serial_bayou_shore_b,
          infiniplex_staircase_pool_2, lemuel_fruit_fields
Lair:5:   hangedman_lair_tendril_chambers, layout_layer_cave, wormcave,
          dpeg_slime_entry_enclosed, nicolae_lair_yak_garden,
          serial_bayou_shore_b, lemuel_fruit_fields
Spider:1: layout_spider_delve
Orc:1:    layout_diamond_mine
Orc:2:    grunt_orc_gardens, layout_diamond_mine, grunt_orc_garden,
          grunt_orc_garden, grunt_orc_garden, grunt_orc_garden,
          gammafunk_ghost_necromancy, serial_shops, nicolae_shop_hallway_stairs,
          basic_altar

Skill      XL: |  1  2  3  4  5  6  7  8  9 10 11 12 13 14 15 |
---------------+----------------------------------------------+-----
Stealth        | 1 |  1.8
Ranged Weapons | 4 |  4.4
Polearms       | 4 6 7 9 10 11 12 13 14 | 14.0
Dodging        | 3 4 5 6 8 9 |  9.6
Armour         | 2 3 5 6 7 8 9 |  9.4
Fighting       | 3 5 6 7 8 10 12 13 | 13.4
Invocations    | 1 5 8 10 11 | 11.2
Evocations     | 3 4 6 |  6.0
Shields        | 2 4 5 6 7 |  7.7

Action                   |  1- 3 |  4- 6 |  7- 9 | 10-12 | 13-15 || total
-------------------------+-------+-------+-------+-------+-------++-------
Melee: Demon trident     |       |   118 |   378 |   717 |  1022 ||  2235
 Fire: Shortbow          |   103 |    39 |       |       |       ||   142
Invok: Minor Destruction |       |       |    32 |    88 |    98 ||   218
       Lesser Servant of |       |       |       |     9 |     9 ||    18
       Major Destruction |       |       |       |       |     7 ||     7
Evoke: Wand              |       |       |       |     1 |     5 ||     6
       Box of beasts     |       |       |       |       |     3 ||     3
       Tin of tremorston |       |       |       |       |     2 ||     2
       Phantom mirror    |       |       |       |       |     1 ||     1
  Use: Scroll            |     1 |       |    11 |    13 |     9 ||    34
       Potion            |       |     1 |     1 |     5 |     3 ||    10
 Stab: Sleeping          |       |     5 |     3 |     3 |     5 ||    16
       Invisible         |       |     2 |       |       |       ||     2
       Distracted        |       |     1 |     1 |     2 |     3 ||     7
       Petrified         |       |       |       |       |     6 ||     6
Armor: Leather armour    |     9 |     1 |       |       |       ||    10
       Ring mail         |       |    27 |    81 |   206 |   103 ||   417
       Troll leather arm |       |       |       |       |   123 ||   123
Dodge: Dodged            |    17 |    28 |   113 |   290 |   442 ||   890
Block: Other             |     7 |     1 |       |       |       ||     8
       Reflection        |     2 |     2 |     3 |     2 |       ||     9
       Buckler           |       |    32 |   104 |   263 |   203 ||   602
